 Dungeon Crawl Stone Soup version 0.31.0-9-g3a7656b989 (webtiles) character file.

Game seed: 9731544248477259173

39 qw the Shooter (level 3, 0/18 HPs)
             Began as a Spriggan Hunter on Feb 2, 2024.
             Succumbed to their own poison gas
             ... on level 2 of the Dungeon.
             The game lasted 00:00:03 (1389 turns).

qw the Shooter (Spriggan Hunter)                    Turns: 1389, Time: 00:00:04

Health: 0/18       AC:  3    Str:  7    XL:     3   Next: 28%
Magic:  4/4        EV: 19    Int: 10    God:
Gold:   92         SH:  0    Dex: 20    Spells: 2/2 levels left

rFire   . . .        a - +1 shortbow
rCold   . . .        (shield currently unavailable)
rNeg    . . .        c - +0 robe
rPois   .            (helmet restricted)
rElec   .            b - +0 cloak
rCorr   .            (gloves unavailable)
SInv    +            (boots unavailable)
Will    .....        (no amulet)
Stlth   ++           (no ring)
HPRegen 0.23/turn    (no ring)
MPRegen 0.09/turn

%: no passive effects
@: lethally poisoned (0 -> -4), very quick
A: very small, no large weapons, unfitting armour, see invisible, speed 3
a: no special abilities


You were on level 2 of the Dungeon.
You visited 1 branch of the dungeon, and saw 2 of its levels.

You collected 92 gold pieces.


Innate Abilities, Weirdness & Mutations

You are very small and have problems with some larger weapons.
You are too small for most types of armour.
You have supernaturally acute eyesight. (SInv)
You cover ground extremely quickly. (Speed+++)


   Skills:
 - Level 1.5 Fighting
 + Level 4.6 Ranged Weapons
 - Level 4.0 Dodging
 - Level 1.5 Stealth


You had 2 spell levels left.
You didn't know any spells.
Your spell library was empty.

Inventory:

Hand Weapons
 a - a +1 shortbow (weapon)
Armour
 b - a +0 cloak (worn)
 c - a +0 robe (worn)
Potions
 e - a potion of magic {unknown}
 i - a potion of berserk rage {unknown}
 j - a potion of heal wounds {unknown}

Dungeon Overview and Level Annotations

Branches:
Dungeon (2/15)

Altars:


Message History

The air fills with toxic fumes!
As you read the scroll labelled MUCKIVASYU, it crumbles to dust.
It was a scroll of poison.
Done exploring.
1379 ||| DRINKING 2 puce potions.
It was a potion of curing.
You feel better.
Done exploring.
What level of the Dungeon? (default 2, ? - help) Sorry, I don't know how to get there.
Enter note:
Enter note:
Enter note:
Enter note:
Enter note:
Enter note:
Enter note:
Enter note:
Enter note:
Enter note:
Enter note:
Enter note: You are engulfed in poison gas.
You are poisoned.
You feel very sick.
1381 ||| Stepping ~*~*~tactically~*~*~ (cloud).
You feel sick.
1382 ||| DRINKING potion of curing.
You feel better.
1382 ||| (to cure poison)
You are engulfed in poison gas.
You are poisoned.
You feel very sick.
1384 ||| Stepping ~*~*~tactically~*~*~ (cloud).
You feel sick.
There is a lethal amount of poison in your body!
You feel sick.
There is a lethal amount of poison in your body!
You feel very sick.
There is a lethal amount of poison in your body!
You feel sick.
There is a lethal amount of poison in your body!
You feel sick.
There is a lethal amount of poison in your body!
You die...

.........'...............#
.........######¤¤¤¤00¤¤0.#
.........# #00¤¤¤¤0¤0.#
.........# #0¤00000¤0.###
.######### #00¤000000.'.# .#
##¤¤0¤00¤¤.#.# ### .#
#¤00¤000¤.#.# #.#
.###############000¤00¤0.#.###.#
.'........¤0¤0¤¤@00¤¤¤¤¤......>#
.###############¤0000¤0¤.......#
.(...# ##¤000¤#¤¤).###### .....#
#00¤¤0¤¤0¤.(..# .....#
#¤¤0¤0¤0¤0%...# .....#
#00¤0000¤¤....# .....#
#00¤0¤¤¤00....# .....#
##.............# .....#
#.....[........#


There were no monsters in sight!

Vanquished Creatures
  An adder (D:2)
  2 endoplasms
  2 giant cockroaches (D:1)
  2 goblins
  3 hobgoblins
  2 jackals (D:1)
  A quokka (D:1)
  4 ball pythons
  4 bats
  2 frilled lizards (D:2)
  3 kobolds
  4 rats
30 creatures vanquished.

Notes
Turn   | Place    | Note
-------+----------+-------------------------------------------
     0 | D:1      | qw the Spriggan Hunter began the quest for the Orb.
     0 | D:1      | Reached XP level 1. HP: 10/10 MP: 2/2
     0 | D:1      | 0 ||| qw: Version: 0.3-a-155-g5e7d8dd
     0 | D:1      | 0 ||| qw: Game counter: 372
     0 | D:1      | 0 ||| qw: Melee chars always use a shield: true
     0 | D:1      | 0 ||| qw: God list: Okawaru
     0 | D:1      | 0 ||| qw: Allow faded altars: false
     0 | D:1      | 0 ||| qw: Do Orc after clearing Dungeon:15 true
     0 | D:1      | 0 ||| qw: Do second Lair branch before Depths: true
     0 | D:1      | 0 ||| qw: Lair rune preference: random
     0 | D:1      | 0 ||| qw: Goals: Normal
     0 | D:1      | 0 ||| PLANNING D:1-11
   105 | D:1      | Reached skill level 3 in Dodging
   269 | D:1      | Reached XP level 2. HP: 14/14 MP: 3/3
   809 | D:1      | 809 ||| READING scroll labelled OJUMOM DUORUZAWOU.
   809 | D:1      | 809 ||| ENCHANTING +0 shortbow.
   810 | D:1      | 810 ||| READING scroll labelled TYVUTU KAVAUDD.
   810 | D:1      | 810 ||| IDENTIFYING dark potion
   811 | D:1      | 811 ||| READING scroll labelled YFED VAONIRCH.
   812 | D:1      | 812 ||| DROPPING scroll of butterflies.
   813 | D:1      | 813 ||| DROPPING potion of brilliance.
   954 | D:2      | Reached XP level 3. HP: 12/18 MP: 4/4
  1102 | D:2      | Found a faded altar of an unknown god.
  1373 | D:2      | 1373 ||| UPGRADING to +0 cloak.
  1378 | D:2      | 1378 ||| READING scroll labelled MUCKIVASYU.
  1379 | D:2      | 1379 ||| DRINKING 2 puce potions.
  1381 | D:2      | 1381 ||| Stepping ~*~*~tactically~*~*~ (cloud).
  1382 | D:2      | 1382 ||| DRINKING potion of curing.
  1382 | D:2      | 1382 ||| (to cure poison)
  1384 | D:2      | 1384 ||| Stepping ~*~*~tactically~*~*~ (cloud).
  1386 | D:2      | HP: 4/18 [poisoned by you (poison gas)]
  1388 | D:2      | HP: 1/18 [poisoned by you (poison gas)]
  1389 | D:2      | Succumbed to their own poison gas

Levels and vault maps discovered:
D:1:      lightli_arrival_chessboard, layout_loops_corners
D:2:      layout_basic, chequers_ecumenical_altar_simple

Skill      XL: |  1  2 |
---------------+-------+-----
Dodging        | 3 4 |  4.0
Fighting       | |  1.5
Ranged Weapons | |  4.6
Stealth        | |  1.5

Action                     || total
---------------------------++-------
   Fire: Shortbow          ||    76
    Use: Scroll            ||     4
         Potion            ||     2
 Armour: Robe              ||     6
  Dodge: Dodged            ||    23

Table legend:
 A = Non-vault XP
 B = Vault XP
 C = Vault XP percentage of total XP
 D = Non-vault monster count
 E = Vault monster count
 F = Vault count percentage of total count
                 A         B        C        D         E       F
            +---------+---------+-------+---------+---------+-------
      Total |      57 |       0 |   0.0 |      30 |       0 |   0.0
            +---------+---------+-------+---------+---------+-------
        D:1 |      25 |       0 |   0.0 |      16 |       0 |   0.0
        D:2 |      32 |       0 |   0.0 |      14 |       0 |   0.0
            +---------+---------+-------+---------+---------+-------
